 Dungeon Crawl Stone Soup version 0.30.0-10-gfe55d96785 (webtiles) character file.

Game seed: 15621417689441128772

504414 browni3141 the Peltast (level 26, -12/189 HPs)
             Began as a Djinni Fighter on May 16, 2023.
             Was the Champion of Ru.
             Killed from afar by a yellow draconian (13 damage)
             ... with a glob of acid
             ... led by a red draconian scorcher
             ... on level 4 of the Realm of Zot.
             The game lasted 03:46:18 (74727 turns).

browni3141 the Peltast (Djinni Fighter)            Turns: 74727, Time: 03:46:19

Health: -12/189    AC: 20    Str: 22    XL:     26   Next: 23%
Gold:   2317       EV: 33    Int: 21    God:    Ru [******] SH: 29 Dex: 28

rFire   + + +        b - +4 double sword "Akoh" {spect, rElec SInv}
rCold   + . .        g - +4 tower shield {reflect}
rNeg    + + .        o - +8 ring mail "Upeuzin" {Dex+4}
rPois   ∞            q - +2 helmet {Int+3}
rElec   +            O - scarf {rC+ rF+}
rCorr   .            G - +2 pair of gloves of the Bulwark {Int+2}
SInv    +            (boots unavailable)
Will    +....        K - amulet "Bouz" {Acrobat rC+ rN+ Str+6} Stlth
                     e - ring "Runkosui" {Fly EV+5 Int+3 SInv}
HPRegen 0.51/turn    t - ring "Neshuk" {rF+ rN+ Str+3 Int+3 Dex+3}
MPRegen 0.00/turn

%: reflection, acrobat, infuse magic (-13 HP)
@: flying, studying Polearms, unable to read
A: sickness immunity, dopey 2, fire resistance 2, weak 1, cold vulnerability 1,
inability to read after injury 2, no stealth, weak-willed 1, unskilled 1,
missing an eye, float, innate caster, HP casting, extra vitality 1, deformed
body, subdued magic 1
}: 3/15 runes: serpentine, barnacled, slimy
a: Renounce Religion, Draw Out Power, Power Leap, Apocalypse


You were on level 4 of the Realm of Zot.
You worshipped Ru.
Ru was exalted by your worship.
You visited 11 branches of the dungeon, and saw 48 of its levels.
You visited the Abyss 3 times.
You visited 3 bazaars.
You also visited: Trove, Ossuary and Bailey.

You collected 6448 gold pieces.
You spent 4131 gold pieces at shops.

Inventory:

Hand Weapons
 b - the +4 double sword "Akoh" (weapon) {spect, rElec SInv}
   (You acquired it on level 3 of the Elven Halls)

   rElec:     It insulates you from electricity.
   SInv:      It lets you see invisible.
 f - a +7 eudemon blade of holy wrath
 y - a +1 heavy spear
Missiles
 n - a curare-tipped dart
 x - 5 boomerangs of dispersal
 S - 5 silver boomerangs
 T - 47 boomerangs
 Z - 10 throwing nets
Armour
 g - a +4 tower shield of reflection (worn)
 o - the +8 ring mail "Upeuzin" (worn) {Dex+4}
   (You bought it in a shop on level 2 of the Orcish Mines)

   Dex:       It affects your dexterity (+4).
 q - a +2 helmet of intelligence (worn)
 G - the +2 pair of gloves of the Bulwark (worn) {Int+2}
   (You found it on level 4 of the Dungeon)

   Int:       It affects your intelligence (+2).
 O - a scarf of resistance (worn)
Jewellery
 e - the ring "Runkosui" (left hand) {Fly EV+5 Int+3 SInv}
   (You took it off a deep elf demonologist on level 3 of the Elven Halls)

   [ring of evasion]

   EV:        It affects your evasion (+5).
   Int:       It affects your intelligence (+3).
   SInv:      It lets you see invisible.
   Fly:       It grants you flight.
 j - a +6 ring of strength
 p - the ring of the Mage {Wiz Archmagi}
   (You took it off a salamander on level 3 of the Snake Pit)

   [ring of wizardry]

   It improves your spell success rate.
   Archmagi:  It increases the power of your magical spells.
 t - the ring "Neshuk" (right hand) {rF+ rN+ Str+3 Int+3 Dex+3}
   (You took it off a deep elf pyromancer on level 3 of the Elven Halls)

   [ring of positive energy]

   Str:       It affects your strength (+3).
   Int:       It affects your intelligence (+3).
   Dex:       It affects your dexterity (+3).
   rF:        It protects you from fire.
   rN:        It protects you from negative energy.
 v - a ring of willpower
 I - a ring of resist corrosion
 K - the amulet "Bouz" (around neck) {Acrobat rC+ rN+ Str+6}
   (You bought it in a shop on level 2 of the Orcish Mines)

   [amulet of the acrobat]

   It increases your evasion while moving and waiting.
   Str:       It affects your strength (+6).
   rC:        It protects you from cold.
   rN:        It protects you from negative energy.
 Y - a ring of protection from cold
Wands
 l - a wand of mindburst (11)
 z - a wand of digging (10)
 A - a wand of acid (28)
 P - a wand of paralysis (69)
 V - a wand of roots (22)
Scrolls
 a - a scroll of enchant weapon
 d - 5 scrolls of fear
 m - 3 scrolls of blinking
 r - 4 scrolls of torment
 s - 5 scrolls of immolation
 u - 13 scrolls of teleportation
 w - a scroll of vulnerability
 F - 6 scrolls of fog
 J - a scroll of summoning
 Q - 7 scrolls of poison
 U - a scroll of magic mapping
Potions
 c - 5 potions of cancellation
 h - 8 potions of haste
 i - 3 potions of invisibility
 B - 3 potions of ambrosia
 C - 12 potions of curing
 D - 2 potions of resistance
 E - 6 potions of attraction
 H - 3 potions of heal wounds
 L - 10 potions of lignification
 M - 14 potions of might
 N - 10 potions of mutation
 R - 7 potions of brilliance
 X - 6 potions of berserk rage
Miscellaneous
 k - a phantom mirror
 W - a box of beasts


   Skills:
 + Level 16.5 Fighting
 - Level 16.0 Long Blades
 - Level 2.0 Throwing
 + Level 11.5 Armour
 + Level 18.0 Dodging
 * Level 20.6 Shields
 * Level 15.6 Spellcasting
 - Level 2.0 Evocations


You knew the following spells:

 Your Spells              Type           Power      Damage    Failure   Level
a - Sandblast             Erth           100%       2d20      0%          1
b - Stone Arrow           Conj/Erth      100%       3d13      1%          3
c - Sticky Flame          Conj/Fire      58%        2d7       1%          4
d - Alistair's Intoxicat  Tmut/Pois      38%        N/A       1%          5
e - Simulacrum            Ice/Necr       29%        N/A       1%          6
f - Spellforged Servitor  Conj/Summ      29%        N/A       10%         7
g - Orb of Destruction    Conj           29%        9d9       10%         7
h - Lehudib's Crystal Sp  Conj/Erth      29%        10d8      63%         8
i - Enfeeble              Hex            29%        N/A       10%         7
j - Dragon's Call         Summ           29%        N/A       100%        9
r - Searing Ray           Conj           100%       2d8       0%          2
x - Scorch                Fire           100%       2d9       0%          2
Your spell library was empty.

Dungeon Overview and Level Annotations

Branches:
Dungeon (15/15)            Temple (1/1) D:4            Lair (5/5) D:9
 Shoals (4/4) Lair:3        Snake (4/4) Lair:2        Slime (5/5) Lair:5
    Orc (2/2) D:10            Elf (3/3) Orc:2        Vaults (0/5) D:13
 Depths (4/4) D:15           Hell (visited)             Dis (0/7) Hell
    Geh (0/7) Hell            Coc (0/7) Hell            Tar (0/7) Hell
    Zot (4/5) Depths:4    Ossuary (visited)          Bailey (visited)

Altars:
Ashenzari
Dithmenos
Elyvilon
Fedhas
Gozag
Hepliaklqana
Nemelex Xobeh
Okawaru
Qazlal
Ru
Trog
Uskayaw
Wu Jian
Xom
Yredelemnul
Zin
The Shining One
Lugonu

Shops:
D:11 :   D:13 :   Orc:2 ?([=   Elf:3 ?*   Shoals:2 (   Snake:1 =:=
Snake:2 [([(   Depths:4 *?

Portals:
Hell: Depths:1 Depths:2 Depths:4
Abyss: Depths:1 Depths:2 Depths:4
Pandemonium: Depths:2
Ziggurat: Depths:2

Annotations:
Snake:1 Roxanne
Snake:4 3 runed translucent doors, exclusion: 3 doors, Xolotl's ghost, adept DsDe
Slime:1 exclusion: downstairs
Elf:2 3 runed translucent doors
Depths:2 2 transporters
Zot:4 1 transporter


Innate Abilities, Weirdness & Mutations

You are immune to sickness and miasma.
You are immune to poison.
You are very dopey. (Int -4)
Your flesh is very heat resistant. (rF++)
You are weak. (Str -2)
You are vulnerable to cold. (rC-)
You sometimes lose the ability to read scrolls when taking damage.
You cannot be stealthy.
You are slightly weak-willed. (Will-)
You are somewhat unskilled. (-1 Apt)
You are missing an eye, making it more difficult to aim.
You float through the air rather than walking.
You learn spells naturally, not from books.
Your magical power is your life essence.
You have superior vitality. (+4 MHP)
Armour fits poorly on your strangely shaped body.
Your spells are a little easier to cast, but a little less powerful.


Message History

You now have 2317 gold pieces (gained 32).
Things that are here:
a +0 glaive; a +0 cloak; a black draconian corpse A yellow draconian comes into view.
It is wielding a +0 scimitar.
A yellow draconian is nearby!
A yellow draconian is nearby!
A yellow draconian is nearby!
You are too injured to fight recklessly!
The yellow draconian roars!
The yellow draconian spits acid at you.
Your +4 tower shield of reflection blocks the glob of acid... and reflects it back!
The glob of acid hits the yellow draconian!
A red draconian scorcher comes into view.
It is wielding a +0 rapier.
The red draconian scorcher roars!
You hear a roar!
You swap places.
The yellow draconian spits acid at you.
The glob of acid hits your shadow dragon simulacrum!!
The acid corrodes your shadow dragon simulacrum!
The acid splashes onto you!
You are splashed with acid!
* * * LOW HITPOINT WARNING * * *
The acid splashes onto your shadow dragon simulacrum!
Your shadow dragon simulacrum is splashed with acid.
The acid corrodes your shadow dragon simulacrum!
Your shadow dragon simulacrum vaporises!
You focus your inner power and illuminate the yellow draconian in retribution!
You hear a roar! x2
The yellow draconian begins to attack, but is stunned by your conviction!
You redirect the yellow draconian's attack!
The yellow draconian spits acid at the red draconian scorcher.
The glob of acid hits the red draconian scorcher!
The acid corrodes the red draconian scorcher!
Things that are here:
a +0 long sword; a +0 cloak; a scroll of teleportation The red draconian scorcher begins to cast a spell, but is stunned by your conviction!
What are your orders? t - Shout!
Orders for allies: a - Attack new target. r - Retreat! s - Stop attacking. g - Guard the area. f - Follow me.
Anything else - Cancel.
Gang up on whom?
Press: ? - help, Dir - move target, f - red draconian scorcher
Aim: a red draconian scorcher, wielding a +0 rapier and wearing a +0 cloak (lightly wounded, covered in acid) Attack!
The red draconian scorcher casts a spell at you.
The bolt of fire hits your shadow dragon simulacrum!!!
Your shadow dragon simulacrum melts!
Your shadow dragon simulacrum vaporises!
You hear a sizzling sound!
You hear a roar! x3
You start resting.
A red draconian scorcher is nearby!
Aiming: Simulacrum (mildly dangerous; 1% risk of failure)
Press: ? - help, Q - select action, (/) - cycle Shift-Dir - straight line, f/p - red draconian scorcher
Aim: a red draconian scorcher, wielding a +0 rapier and wearing a +0 cloak (lightly wounded)
You freeze the red draconian scorcher's soul.
* * * LOW HITPOINT WARNING * * *
You hear a roar!
The red draconian scorcher begins to cast a spell, but is stunned by your conviction!
You hear a roar!
A yellow draconian annihilator and a red draconian come into view.
The yellow draconian annihilator is wielding a +5 whip of draining.
The yellow draconian annihilator casts a spell.
The yellow draconian annihilator blinks!
The red draconian scorcher begins to cast a spell, but is stunned by your conviction!
The yellow draconian begins to attack, but is stunned by your conviction!
The yellow draconian annihilator moves out of view.
You closely miss the red draconian scorcher.
The red draconian scorcher is lightly wounded.
Your +4 double sword "Akoh" {spect, rElec SInv} hits the red draconian scorcher.
The red draconian begins to attack, but is stunned by your conviction!
A yellow draconian comes into view. It is wielding a +0 hand axe.
The red draconian scorcher gestures at you while chanting.
The bolt of magma misses you.
You miss the red draconian scorcher.
The red draconian scorcher is lightly wounded.
Your +4 double sword "Akoh" {spect, rElec SInv} hits the red draconian scorcher but does no damage.
You slash the red draconian scorcher!
The red draconian scorcher is moderately wounded.
Your +4 double sword "Akoh" {spect, rElec SInv} completely misses the red draconian scorcher.
The yellow draconian hits your +4 double sword "Akoh" {spect, rElec SInv} with a +0 scimitar!
Your spectral weapon shares its damage with you!
* * * LOW HITPOINT WARNING * * *
The yellow draconian begins to attack, but is stunned by your conviction!
You slice the red draconian scorcher!!
The red draconian scorcher is heavily wounded.
Your +4 double sword "Akoh" {spect, rElec SInv} hits the red draconian scorcher!!
The yellow draconian annihilator gestures at you while chanting.
The iron shot hits you!!!
You feel threatened and lose the ability to read scrolls!
* * * LOW HITPOINT WARNING * * *
The yellow draconian spits acid at you. The glob of acid hits you.
* * * LOW HITPOINT WARNING * * *
The red draconian scorcher hits you with a +0 rapier.
* * * LOW HITPOINT WARNING * * *
You focus your inner power and illuminate the red draconian scorcher in retribution!
A yellow draconian comes into view. It is wielding a +0 battleaxe.
The yellow draconian spits acid at you. The glob of acid hits you!
You die...

##...# ** ##..).# ,**
##.....# ,,** ##)..[..#
,,,* ##..:....# **,***
##........# *,,,*
##.........# ***,**
##(q........# *,,*
##d.@...##...# **,****
##..##...##...#
*,,,,*##.d.##...#*...#
**,,*##dq..##...#*,..#
**,,*##.d.).##...#*,,,*
**,,*##......##...#*,,,*
**,,*##...>...##...#*,,⌠*
**,,*##....)...##...#*,,,*
*,,**#.....).).##...#*,,,*


You could see 3 draconians, a red draconian, a yellow draconian annihilator, a
red draconian scorcher (corona, simulacrum) and a friendly +4 double sword
"Akoh" {spect, rElec SInv}.

Vanquished Creatures
  the Royal Jelly (Slime:5)
  A juggernaut (Depths:1)
  Vashnia (Snake:2)
  Geryon (Hell)
  3 golden dragons
  2 bone dragons (Abyss:3)
  6 tentacled monstrosities
  A hellephant (Depths:1)
  The ghost of Varewnug the Covert, an adept HuVM of Kikubaaqudgha (Elf:1)
  2 deep elf blademasters (Elf:3)
  2 deep elf master archers (Elf:3)
  17 acid blobs
  An Executioner (Abyss:2)
  4 death cobs
  2 tentacled starspawn (Abyss:3)
  2 ancient champions (Hell)
  3 storm dragons
  A tengu reaver (Depths:3)
  5 shadow dragons
  13 azure jellies
  Donald (Elf:2)
  3 daevas (Depths:2)
  10 rockslimes
  6 deep elf sorcerers
  8 fire giants
  3 ghost moths
  2 draconian knights
  6 nagarajas (Snake:4)
  A balrug (Hell)
  10 frost giants
  A juggernaut zombie (Depths:1)
  An iron dragon (Depths:3)
  4 deep elf elementalists (Elf:3)
  2 angels
  2 draconian shifters (Zot:1)
  A draconian stormcaller (Depths:4)
  A cacodemon (Hell)
  7 very ugly things
  The ghost of Ybuxi the Cleaver, a journeyman FoFi of Okawaru (D:14)
  A juggernaut skeleton (Hell)
  13 stone giants
  6 reapers
  A draconian annihilator (Zot:1)
  6 deep elf demonologists
  6 quicksilver oozes
  3 black draconians
  4 vampire knights
  2 lorocyprocas
  9 deep elf annihilators (Elf:3)
  Nessos (Lair:5)
  4 green draconians
  6 yellow draconians
  A purple draconian (Zot:4)
  3 spark wasps (Depths:4)
  2 red draconians
  4 white draconians
  8 deep elf death magi
  An eidolon (D:14)
  A green death (Hell)
  3 blizzard demons (Hell)
  9 ettins
  3 merfolk javelineers (Shoals:4)
  9 deep elf high priests
  2 fire dragons
  2 jiangshi (Depths:1)
  11 merfolk impalers
  3 salamander tyrants (Snake:4)
  A great orb of eyes (Slime:1)
  Josephine (Shoals:1)
  Harold (D:10)
  5 rakshasas
  5 ice dragons
  Erolcha (D:10)
  4 spriggan air magi
  2 ogre magi
  A catoblepas (Lair:4)
  6 merfolk avatars
  5 merfolk aquamancers
  8 anacondas
  3 centaur warriors
  An alligator snapping turtle (Shoals:3)
  4 satyrs
  21 dancing weapons
  3 boulder beetles
  3 deep troll shamans (Depths:2)
  12 hell hogs
  12 tengu warriors
  7 two-headed ogres
  2 death yaks (Lair:2)
  20 naga warriors
  A titan zombie (Depths:1)
  4 spriggan berserkers
  A vampire mage (Depths:1)
  4 deep troll earth magi
  An orc high priest (D:10)
  A thrashing horror (Abyss:2)
  3 wretched stars
  26 naga sharpshooters
  11 shock serpents
  Nergalle (Orc:2)
  10 deep elf knights
  5 soul eaters
  2 sixfirhies (Hell)
  2 iron trolls (Depths:2)
  3 sun demons
  4 skysharks
  14 skeletal warriors
  A spatial maelstrom (Abyss:3)
  9 hell knights
  12 salamander mystics
  A shadow demon (Abyss:2)
  An anaconda zombie (Hell)
  16 sea snakes
  Lodul (D:10)
  A kraken simulacrum (Shoals:4)
  8 deep trolls
  10 naga ritualists
  9 deep elf archers
  3 flayed ghosts (D:14)
  4 wizards
  A swamp dragon (Lair:4)
  3 glowing orange brains
  A shadow dragon zombie (Depths:1)
  A phantasmal warrior (Hell)
  30 deep elf pyromancers
  27 harpies
  A lindwurm (Lair:5)
  8 necromancers
  11 mana vipers
  27 deep elf zephyrmancers
  10 orc sorcerers
  2 wolf spiders (Lair:5)
  5 cyclopes
  A shining eye (Slime:2)
  2 worldbinders
  9 ugly things
  7 fauns (Shoals:3)
  7 elephants
  20 manticores
  4 merfolk sirens
  26 salamanders
  A stone giant skeleton (Depths:1)
  A water nymph (shapeshifter) (Depths:4)
  A centaur zombie (Hell)
  4 molten gargoyles (Hell)
  16 moths of wrath
  63 black mambas
  An apocalypse crab (Abyss:2)
  7 smoke demons
  10 guardian serpents
  22 naga magi
  2 water nymphs
  A rust devil (Hell)
  A dire elephant skeleton (Hell)
  A torpor snail (Lair:2)
  5 gargoyles
  17 cane toads
  A rime drake (Lair:5)
  9 komodo dragons
  6 kobold demonologists
  4 freezing wraiths
  4 ice devils
  5 ancient zymes
  3 tengu conjurers
  2 efreet
  2 tormentors (Abyss:2)
  35 merfolk
  3 polar bears
  A spriggan skeleton (Depths:1)
  A meliai (shapeshifter) (D:14)
  5 trolls
  5 wind drakes
  18 blink frogs
  2 hornets (Lair:5)
  5 raiju
  13 dream sheep
  12 snapping turtles
  5 flying skulls (Abyss:3)
  Sigmund (D:4)
  3 shadows
  58 slime creatures
  4 ynoxinuls
  3 air elementals (Elf:3)
  4 wraiths (Shoals:1)
  39 yaks
  10 wyverns
  13 water elementals
  An alligator snapping turtle simulacrum (Hell)
  6 fire elementals
  5 basilisks
  16 starcursed masses
  3 fire bats
  3 neqoxecs
  4 golden eyes
  5 redbacks
  A steam dragon (D:7)
  A chaos spawn (Abyss:2)
  56 nagas
  A swamp worm (shapeshifter) (Elf:1)
  7 large abominations
  A spatial vortex (Abyss:3)
  24 water moccasins
  2 acid dragons (D:11)
  A floating eye (shapeshifter) (Depths:1)
  5 hell hounds
  19 orc warriors
  3 black bears
  4 ice beasts
  17 ogres
  8 wolves
  12 centaurs
  A phantom (D:4)
  5 kobold brigands
  A gnoll sergeant (D:7)
  12 bullfrogs
  4 earth elementals (Elf:3)
  2 scorpions
  3 water moccasin zombies (Ossuary)
  2 necrophages (Lair:3)
  13 wights
  7 small abominations
  5 killer bees (D:7)
  5 electric eels
  2 howler monkeys
  A quasit (Abyss:3)
  9 jellies
  6 hounds
  11 orc priests
  A sleepcap (D:5)
  3 gnoll boudas
  4 iguanas
  Terence (D:3)
  Ijyb (D:4)
  34 orc wizards
  9 hell rats (Hell)
  2 mummies (Ossuary)
  24 gnolls
  7 adders
  A river rat (shapeshifter) (Elf:1)
  2 ufetubi (D:6)
  5 adder zombies (Ossuary)
  4 worms
  2 dart slugs
  93 orcs
  8 endoplasms
  3 giant cockroaches
  16 goblins
  2 hobgoblins
  9 jackals
  25 kobolds
  4 quokkas
  3 training dummies (Shoals:2)
  9 ball pythons
  2 bats (D:1)
  4 frilled lizards
  5 gnoll zombies (Ossuary)
  2 hobgoblin zombies (Ossuary)
  6 kobold zombies (Ossuary)
  4 orc zombies (Ossuary)
  6 rats
  A starspawn tentacle (Abyss:3)
  A tentacle (Shoals:4)
1789 creatures vanquished.

Vanquished Creatures (collateral kills)
  4 tentacled monstrosities
  A walking frostbound tome (Depths:4)
  3 death cobs
  7 acid blobs
  A shadow dragon (Zot:3)
  Frances (Snake:1)
  2 storm dragons
  5 draconian monks
  A tengu reaver (Depths:4)
  4 draconian knights
  4 rockslimes
  2 draconian scorchers
  2 azure jellies (Slime:5)
  A ghost moth (Zot:3)
  4 draconian shifters
  2 very ugly things (Depths:4)
  6 draconian annihilators
  4 quicksilver oozes
  5 purple draconians
  A deep elf demonologist (Elf:3)
  13 green draconians
  6 black draconians
  4 yellow draconians
  4 red draconians
  4 white draconians
  A spark wasp (Depths:4)
  3 fire dragons
  A yaktaur captain (Depths:4)
  3 great orbs of eyes
  2 ice dragons (Depths:4)
  3 deep troll shamans (Depths:4)
  2 deep troll earth magi (Depths:4)
  A spriggan berserker (Depths:4)
  2 iron trolls (Depths:4)
  5 deep trolls (Depths:4)
  A glowing orange brain (Slime:5)
  A deep elf zephyrmancer (Elf:1)
  2 moths of wrath
  4 shining eyes
  An eye of devastation (Slime:1)
  A gargoyle (D:13)
  13 slime creatures
  8 golden eyes
  A spectral weapon (Depths:4)
146 creatures vanquished.

Vanquished Creatures (others)
  Vv (Zot:1)
  A quicksilver ooze (Slime:5)
  A deep elf annihilator (Elf:3)
  A white draconian (Depths:4)
  A merfolk impaler (Shoals:4)
  An anaconda (Snake:3)
  A naga warrior (Snake:3)
  A hell knight (D:15)
  A deep elf knight (Elf:2)
  A salamander mystic (Lair:2)
  A deep troll (Depths:4)
  2 deep elf archers (Elf:3)
  2 harpies
  3 deep elf pyromancers
  A deep elf zephyrmancer (Elf:1)
  3 manticores
  A mana viper (Snake:4)
  A cyclops (D:15)
  2 salamanders (Snake:4)
  A black mamba (Lair:2)
  Joseph (D:8)
  2 cane toads
  An ice devil (Hell)
  A troll (Orc:1)
  A merfolk (Shoals:4)
  A dream sheep (Shoals:3)
  A blink frog (Abyss:3)
  4 slime creatures
  2 air elementals
  A wyvern (Lair:5)
  A water elemental (Elf:1)
  A fire bat (Abyss:2)
  A fire elemental (Elf:3)
  A basilisk (D:13)
  A naga (Snake:4)
  An ogre (D:10)
  A wolf (Lair:1)
  An orc wizard (D:11)
  2 kobolds (D:11)
  A lurking horror (Abyss:3)
  52 spectral weapons
  5 starspawn tentacles (Abyss:3)
  8 tentacles (Shoals:4)
118 creatures vanquished.

Grand Total: 2053 creatures vanquished

Notes
Turn   | Place    | Note
-------+----------+-------------------------------------------
     0 | D:1      | browni3141 the Djinni Fighter began the quest for the Orb.
     0 | D:1      | Reached XP level 1. HP: 20/20 MP: 0/0
   436 | D:1      | Reached XP level 2. HP: 25/25 MP: 0/0
  1320 | D:2      | Reached XP level 3. HP: 26/30 MP: 0/0
  1320 | D:2      | Learned a level 1 spell: Sandblast
  1443 | D:2      | Identified the +4 spear of the Jester {venom, rF+++ rC-
                  | Will+}
  1505 | D:2      | Reached skill level 3 in Long Blades
  1806 | D:2      | Reached XP level 4. HP: 34/35 MP: 0/0
  2471 | D:3      | Noticed Terence
  2481 | D:3      | Killed Terence
  2735 | D:3      | Reached XP level 5. HP: 40/40 MP: 0/0
  2735 | D:3      | Learned a level 2 spell: Scorch
  3040 | D:4      | Noticed a phantom
  3064 | D:4      | Killed a phantom
  3065 | D:4      | Reached XP level 6. HP: 16/46 MP: 0/0
  3183 | D:4      | Identified the +2 pair of gloves of the Bulwark {Int+2}
  3306 | D:4      | Found a staircase to the Ecumenical Temple.
  3323 | Temple   | Entered the Ecumenical Temple
  3364 | Temple   | Became a worshipper of Ru the Awakened
  3655 | D:4      | Noticed Sigmund
  3664 | D:4      | Killed Sigmund
  3665 | D:4      | Reached skill level 3 in Spellcasting
  3665 | D:4      | Reached XP level 7. HP: 44/50 MP: 0/0
  3665 | D:4      | Learned a level 2 spell: Searing Ray
  3869 | D:4      | Noticed Ijyb
  3879 | D:4      | Killed Ijyb
  4125 | D:5      | Entered Level 5 of the Dungeon
  4282 | D:5      | Reached XP level 8. HP: 38/56 MP: 0/0
  4388 | D:5      | Identified the +0 short sword of Utuaraho {heavy, rPois rC-
                  | Dex+3}
  4435 | D:5      | Reached skill level 6 in Long Blades
  4757 | D:5      | Gained mutation: You occasionally lose the ability to read
                  | scrolls when taking damage. [Ru sacrifice]
  4757 | D:5      | Gained mutation: You sometimes lose the ability to read
                  | scrolls when taking damage. [Ru sacrifice]
  4757 | D:5      | Reached * piety under Ru
  5299 | D:6      | Reached skill level 6 in Spellcasting
  5299 | D:6      | Reached XP level 9. HP: 14/60 MP: 0/0
  5299 | D:6      | Learned a level 3 spell: Stone Arrow
  5382 | D:6      | Found a sand-covered staircase.
  5387 | Ossuary  | Entered an ossuary
  7538 | D:7      | Reached skill level 3 in Dodging
  7546 | D:7      | Reached XP level 10. HP: 57/67 MP: 0/0
  7791 | D:7      | Gained mutation: You are missing an eye, making it more
                  | difficult to aim. [Ru sacrifice]
  7791 | D:7      | Reached ** piety under Ru
  9350 | D:8      | Noticed Joseph
  9918 | D:9      | Reached skill level 6 in Dodging
  9931 | D:9      | Found a staircase to the Lair.
  9954 | D:9      | Reached XP level 11. HP: 56/75 MP: 0/0
  9954 | D:9      | Learned a level 4 spell: Sticky Flame
 10244 | D:9      | Noticed a two-headed ogre
 10443 | D:9      | Noticed a two-headed ogre
 10818 | D:10     | Entered Level 10 of the Dungeon
 10884 | D:10     | Reached skill level 4 in Shields
 10936 | D:10     | Noticed Lodul
 11044 | D:10     | Noticed Harold
 11065 | D:9      | Gained mutation: You are slightly weak-willed. (Will-) [Ru
                  | sacrifice]
 11065 | D:9      | Reached *** piety under Ru
 11065 | D:9      | Reached **** piety under Ru
 11124 | D:10     | Killed Harold
 11193 | D:10     | Found a flagged portal.
 11303 | Bailey   | Entered a bailey
 11777 | Bailey   | Identified the +0 chain mail of Xoohiat {Will- rCorr Str+2}
 11900 | D:10     | Found a corrupted altar of Lugonu.
 11907 | D:10     | Noticed Erolcha
 12163 | D:8      | Killed Joseph
 12689 | D:9      | Killed a two-headed ogre
 12844 | D:9      | Killed a two-headed ogre
 12845 | D:9      | Reached skill level 9 in Long Blades
 13011 | D:11     | Reached skill level 6 in Fighting
 13036 | D:11     | Reached skill level 5 in Shields
 13217 | D:11     | Noticed a boulder beetle
 13217 | D:11     | Noticed a two-headed ogre
 13217 | D:11     | Noticed a cyclops
 13377 | D:10     | Found a staircase to the Orcish Mines.
 13443 | Orc:1    | Entered Level 1 of the Orcish Mines
 13483 | Orc:1    | Noticed an orc high priest
 13652 | Orc:1    | Noticed a sixfirhy
 13664 | D:10     | Reached XP level 12. HP: 50/83 MP: 0/0
 13872 | D:10     | Noticed a sun demon
 14007 | Lair:1   | Entered Level 1 of the Lair of Beasts
 14942 | Lair:1   | Reached skill level 12 in Long Blades
 15743 | Lair:2   | Found a staircase to the Snake Pit.
 15995 | Lair:2   | Noticed a death yak
 15995 | Lair:2   | Noticed a death yak
 16035 | Lair:2   | Killed a death yak
 16036 | Lair:2   | Reached XP level 13. HP: 71/87 MP: 0/0
 16036 | Lair:2   | Learned a level 5 spell: Alistair's Intoxication
 17049 | Lair:2   | Found a staircase to the Snake Pit.
 18080 | Lair:3   | Found a staircase to the Shoals.
 18810 | Lair:4   | Gained mutation: You are somewhat unskilled. (-1 Apt) [Ru
                  | sacrifice]
 18810 | Lair:4   | Reduced skill Long Blades to level 12
 18810 | Lair:4   | Reached ***** piety under Ru
 18926 | Lair:4   | Noticed a catoblepas
 18947 | Lair:4   | Killed a catoblepas
 19390 | Lair:4   | Reached skill level 6 in Fighting
 19505 | Lair:5   | Entered Level 5 of the Lair of Beasts
 20329 | Lair:5   | Reached XP level 14. HP: 48/94 MP: 0/0
 20815 | Lair:5   | Found a staircase to the Slime Pits.
 20852 | Lair:5   | Noticed Nessos
 21711 | Lair:5   | Reached skill level 9 in Dodging
 21711 | Lair:5   | Reached skill level 3 in Stealth
 22442 | Lair:5   | Killed Nessos
 22958 | D:10     | Killed Lodul
 23587 | D:10     | Killed Erolcha
 23943 | Orc:1    | Reached skill level 6 in Armour
 23943 | Orc:1    | Reached skill level 6 in Shields
 24495 | Orc:2    | Entered Level 2 of the Orcish Mines
 24542 | Orc:2    | Found a staircase to the Elven Halls.
 24801 | Orc:2    | Reached XP level 15. HP: 79/100 MP: 0/0
 24801 | Orc:2    | Learned a level 6 spell: Simulacrum
 24840 | Orc:2    | Found Wooleeta's Jewellery Boutique.
 24879 | Orc:2    | Bought the amulet "Bouz" {Acrobat rC+ rN+ Str+6} for 912
                  | gold pieces
 25085 | Orc:2    | Found Caituinn's Antique Armour Shop.
 25098 | Orc:2    | Noticed Nergalle
 25115 | Orc:2    | Killed Nergalle
 25483 | Orc:2    | Paralysed by an orc sorcerer for 2 turns
 25505 | Orc:2    | Found Kodorar's Magic Scroll Boutique.
 25533 | Orc:2    | Found Useokh's Antique Weapon Boutique.
 25558 | Orc:2    | Bought a scroll of identify for 32 gold pieces
 25558 | Orc:2    | Bought a scroll of fear for 64 gold pieces
 25558 | Orc:2    | Bought a scroll of identify for 32 gold pieces
 25558 | Orc:2    | Bought a scroll of magic mapping for 120 gold pieces
 25558 | Orc:2    | Bought a scroll of identify for 32 gold pieces
 25558 | Orc:2    | Bought a scroll of torment for 152 gold pieces
 25578 | Orc:2    | Bought a slimy ring mail for 279 gold pieces
 25578 | Orc:2    | Identified the +8 ring mail "Upeuzin" {Dex+4} (You bought
                  | it in a shop on level 2 of the Orcish Mines)
 25763 | Snake:1  | Entered Level 1 of the Snake Pit
 25771 | Snake:1  | Noticed Roxanne
 26027 | Snake:1  | Noticed Frances
 26720 | Snake:1  | Reached skill level 9 in Spellcasting
 26897 | Snake:1  | Killed Frances
 27702 | Snake:1  | Found a hide-covered altar of Uskayaw.
 28198 | Snake:1  | Found Ineteecku's Jewellery Boutique.
 28199 | Snake:1  | Found Wung's Book Shoppe.
 28200 | Snake:1  | Found Gosumpo's Jewellery Boutique.
 29196 | Snake:2  | Reached XP level 16. HP: 108/108 MP: 0/0
 30007 | Snake:2  | Found Deffal's Antique Armour Shoppe.
 30167 | Snake:2  | Found Cowadago's Antique Armour Emporium.
 30167 | Snake:2  | Found Pyongox's Antique Weapon Shoppe.
 30172 | Snake:2  | Found Nudonug's Weapon Emporium.
 30280 | Snake:2  | Noticed Vashnia
 30363 | Snake:2  | Reached skill level 7 in Shields
 31006 | Snake:2  | Killed Vashnia
 31007 | Snake:2  | Reached skill level 12 in Dodging
 31530 | Snake:3  | Reached skill level 8 in Shields
 31932 | Snake:3  | Reached skill level 9 in Shields
 32488 | Snake:3  | Reached skill level 10 in Shields
 32607 | Snake:3  | Reached XP level 17. HP: 110/113 MP: 0/0
 32607 | Snake:3  | Learned a level 7 spell: Spellforged Servitor
 33494 | Snake:4  | Entered Level 4 of the Snake Pit
 33654 | Snake:4  | Found a runed translucent gate.
 33655 | Snake:4  | Found a runed translucent gate.
 33659 | Snake:4  | Found a runed translucent gate.
 33661 | Snake:4  | Noticed Xolotl's ghost (adept DsDe)
 33818 | Snake:4  | Reached skill level 9 in Fighting
 34440 | Snake:4  | Found a flickering gateway to a bazaar.
 34447 | Bazaar   | Entered a bazaar
 34522 | Bazaar   | Found Lafe's Armour Emporium.
 34539 | Bazaar   | Found Lofrias's Distillery.
 34545 | Bazaar   | Found Zaat's Jewellery Emporium.
 34579 | Bazaar   | Found Pofiuhol's Antique Weapon Boutique.
 34587 | Bazaar   | Bought a glowing demon blade for 468 gold pieces
 34625 | Bazaar   | Bought a potion of haste for 100 gold pieces
 34625 | Bazaar   | Bought a potion of cancellation for 80 gold pieces
 35792 | Snake:4  | Reached XP level 18. HP: 87/117 MP: 0/0
 35823 | Snake:4  | Gained mutation: You cannot be stealthy. [Ru sacrifice]
 36093 | Snake:4  | Reached skill level 11 in Shields
 36596 | Snake:4  | Got a serpentine rune of Zot
 37356 | D:11     | Found Heman's Tremendous Tomes.
 38284 | D:13     | Found a gate to the Vaults.
 38367 | D:13     | Noticed a walking earthen tome
 38369 | D:13     | Found Antubrah's Book Boutique.
 38371 | D:13     | Noticed a walking crystal tome
 38374 | D:13     | Gained mutation: You are dopey. (Int -2) [Ru sacrifice]
 39160 | D:14     | Identified the +5 quarterstaff of Blood {drain, rF+ rN+
                  | Str+3 Dex+2}
 39468 | D:14     | Found a runed translucent gate.
 39468 | D:14     | Found a runed translucent gate.
 39468 | D:14     | Found a runed translucent gate.
 39474 | D:14     | Noticed Ybuxi's ghost (journeyman FoFi)
 39852 | D:14     | Killed Ybuxi's ghost
 39862 | D:14     | Identified the ring "Nuempa" {*Corrode Fly Str+5}
 39904 | D:15     | Entered Level 15 of the Dungeon
 40030 | D:15     | Found a staircase to the Depths.
 40157 | D:15     | Reached XP level 19. HP: 132/133 MP: 0/0
 40157 | D:15     | Learned a level 7 spell: Orb of Destruction
 40158 | D:15     | Gained mutation: You are weak. (Str -2) [Ru sacrifice]
 40158 | D:15     | Reached ****** piety under Ru
 40845 | Shoals:1 | Entered Level 1 of the Shoals
 41127 | Shoals:1 | Noticed Josephine
 41140 | Shoals:1 | Killed Josephine
 41141 | Shoals:1 | Reached skill level 15 in Dodging
 41902 | Shoals:2 | Reached skill level 12 in Shields
 42511 | Shoals:2 | Reached skill level 12 in Fighting
 42677 | Shoals:2 | Found Gesorru's Firing Range.
 44474 | Shoals:4 | Entered Level 4 of the Shoals
 45416 | Shoals:4 | Reached XP level 20. HP: 102/143 MP: 0/0
 45765 | Shoals:4 | Identified the +2 robe "Tutzaeqewk" {Dex+3}
 46044 | Shoals:4 | Reached skill level 13 in Shields
 46738 | Shoals:4 | Got a barnacled rune of Zot
 46920 | Shoals:4 | Reached skill level 12 in Spellcasting
 47658 | Elf:1    | Entered Level 1 of the Elven Halls
 47838 | Elf:1    | Found a runed translucent door.
 47846 | Elf:1    | Noticed Varewnug's ghost (adept HuVM)
 47939 | Elf:1    | Killed Varewnug's ghost
 48342 | Elf:1    | Reached skill level 14 in Shields
 49139 | Elf:2    | Noticed Donald
 49152 | Elf:2    | Killed Donald
 49215 | Elf:2    | Reached XP level 21. HP: 151/151 MP: 0/0
 49215 | Elf:2    | Learned a level 8 spell: Lehudib's Crystal Spear
 49666 | Elf:2    | Found a runed translucent gate.
 49667 | Elf:2    | Found a runed translucent gate.
 49667 | Elf:2    | Found a runed translucent gate.
 49695 | Elf:3    | Entered Level 3 of the Elven Halls
 49724 | Elf:3    | Paralysed by an air elemental for 1 turns
 49764 | Elf:3    | Found Sayfuor's Assorted Antiques.
 50074 | Elf:3    | Found a stormy altar of Qazlal.
 50078 | Elf:3    | Paralysed by an air elemental for 1 turns
 50084 | Elf:3    | Paralysed by an air elemental for 1 turns
 50091 | Elf:3    | Paralysed by an air elemental for 1 turns
 50437 | Elf:3    | Found Mudic's Magic Scroll Shoppe.
 50455 | Elf:3    | Bought a scroll of brand weapon for 161 gold pieces
 50455 | Elf:3    | Bought a scroll of immolation for 68 gold pieces
 50455 | Elf:3    | Identified 2 scrolls of acquirement
 50456 | Elf:3    | Acquired the +4 double sword "Akoh" {spect, rElec SInv}
 50457 | Elf:3    | Acquired 1137 gold pieces
 50709 | Elf:3    | Noticed a Brimstone Fiend
 50808 | Abyss:2  | Cast into level 2 of the Abyss (a deep elf sorcerer)
 51206 | Abyss:2  | Reached skill level 15 in Shields
 51431 | Abyss:2  | Found a corrupted altar of Lugonu.
 51869 | Abyss:3  | Noticed a bone dragon
 51883 | Abyss:3  | Killed a bone dragon
 51967 | Elf:3    | Escaped the Abyss
 52014 | Abyss:3  | Cast into level 3 of the Abyss (a deep elf demonologist)
 52197 | Abyss:3  | Noticed a bone dragon
 52212 | Abyss:3  | Killed a bone dragon
 52276 | Abyss:3  | Gained mutation: Armour fits poorly on your strangely
                  | shaped body. [a neqoxec]
 52390 | Elf:3    | Escaped the Abyss
 52399 | Elf:3    | Noticed a Brimstone Fiend
 52665 | Abyss:3  | Cast into level 3 of the Abyss (a deep elf sorcerer)
 52690 | Abyss:3  | Found a corrupted altar of Lugonu.
 52748 | Abyss:3  | Found a corrupted altar of Lugonu.
 52748 | Abyss:3  | Noticed a bone dragon
 52748 | Abyss:3  | Found a corrupted altar of Lugonu.
 52765 | Elf:3    | Escaped the Abyss
 52981 | Elf:3    | Reached XP level 22. HP: 129/131 MP: 0/0
 53419 | Elf:3    | Identified the ring of Descent {*Corrode rF+ Dex+4}
 53516 | Elf:3    | Identified the ring "Neshuk" {rF+ rN+ Str+3 Int+3 Dex+3}
 53523 | Elf:3    | Reached skill level 15 in Long Blades
 53527 | Elf:3    | Identified the ring "Runkosui" {Fly EV+5 Int+3 SInv}
 53879 | Elf:3    | Identified the staff of air "Tiqod" {rElec rF+}
 53943 | Elf:3    | Reached skill level 16 in Shields
 54233 | Elf:3    | Found Mudic's Magic Scroll Shoppe.
 54336 | Elf:3    | Found Sayfuor's Assorted Antiques.
 54599 | Elf:3    | Found a stormy altar of Qazlal.
 55357 | Depths:1 | Entered Level 1 of the Depths
 55357 | Depths:1 | Noticed a juggernaut
 55391 | Depths:2 | You are sucked into a shaft and drop 1 floor!
 55720 | Depths:2 | Found a gateway to Hell.
 55748 | Depths:2 | Found a flickering gateway to a bazaar.
 55763 | Bazaar   | Entered a bazaar
 55763 | Bazaar   | Found Wepsed's Distillery.
 55770 | Bazaar   | Found Sonatukhlou's General Store.
 55778 | Bazaar   | Found Wyowizar's Antique Weapon Boutique.
 55798 | Bazaar   | Found Dejisy's Antique Armour Emporium.
 55809 | Bazaar   | Found Gyipsyo's Book Shop.
 55848 | Bazaar   | Bought a potion of invisibility for 96 gold pieces
 55848 | Bazaar   | Bought a scroll of teleportation for 36 gold pieces
 55848 | Bazaar   | Bought a scroll of magic mapping for 90 gold pieces
 55848 | Bazaar   | Bought a scroll of fog for 48 gold pieces
 55848 | Bazaar   | Bought a scroll of identify for 24 gold pieces
 55859 | Bazaar   | Bought a potion of berserk rage for 75 gold pieces
 55859 | Bazaar   | Bought a potion of heal wounds for 75 gold pieces
 55859 | Bazaar   | Bought a potion of brilliance for 60 gold pieces
 55859 | Bazaar   | Bought a potion of resistance for 150 gold pieces
 55859 | Bazaar   | Bought a potion of berserk rage for 75 gold pieces
 55859 | Bazaar   | Bought a potion of curing for 45 gold pieces
 55859 | Bazaar   | Bought a potion of heal wounds for 75 gold pieces
 55859 | Bazaar   | Bought a potion of curing for 45 gold pieces
 55901 | Depths:2 | Found a one-way gate leading to the halls of Pandemonium.
 56287 | Depths:2 | Found a corrupted altar of Lugonu.
 56287 | Depths:2 | Found a one-way gate to the infinite horrors of the Abyss.
 56618 | Depths:2 | Found a transporter.
 56661 | Depths:2 | Found a transporter.
 56694 | Depths:2 | Found a portal to a secret trove of treasure.
 56753 | Depths:2 | Found a one-way gateway to a ziggurat.
 57021 | Depths:2 | Found a gateway to Hell.
 57026 | Depths:2 | Found a one-way gateway to a ziggurat.
 57050 | Depths:2 | Found a corrupted altar of Lugonu.
 57050 | Depths:2 | Found a one-way gate to the infinite horrors of the Abyss.
 57065 | Depths:2 | Found a transporter.
 57092 | Depths:2 | Found a one-way gate leading to the halls of Pandemonium.
 57319 | Depths:2 | Found a transporter.
 57355 | Depths:2 | Found a portal to a secret trove of treasure.
 58125 | Depths:1 | Killed a juggernaut
 58824 | Depths:1 | Reached skill level 17 in Shields
 58824 | Depths:1 | Reached XP level 23. HP: 64/145 MP: 0/0
 58824 | Depths:1 | Learned a level 7 spell: Enfeeble
 60683 | Depths:2 | Noticed a juggernaut
 60687 | Depths:2 | Found a bloodstained altar of Trog.
 60687 | Depths:2 | Found the +8 Wrath of Trog {antimagic, *Rage Rampage}
 60763 | Hell     | Entered the Vestibule of Hell
 60773 | Hell     | Noticed Geryon
 61161 | Hell     | Reached skill level 15 in Fighting
 61161 | Hell     | Reached skill level 9 in Armour
 62196 | Depths:4 | Entered Level 4 of the Depths
 62196 | Depths:4 | Found Vozyostryri's General Store.
 62213 | Depths:3 | Reached skill level 18 in Shields
 62389 | Depths:4 | Found Moag's Magic Scroll Boutique.
 62615 | Depths:4 | Found a shadowy altar of Dithmenos.
 62792 | Depths:4 | Found a flickering gateway to a bazaar.
 62809 | Bazaar   | Entered a bazaar
 62809 | Bazaar   | Found Ymaitrexa's Armour Shoppe.
 62809 | Bazaar   | Found Ajiuxt's General Store.
 62955 | Bazaar   | Found Boodwuv's Weapon Shoppe.
 62971 | Bazaar   | Found Ululof's Antique Weapon Emporium.
 62975 | Bazaar   | Bought a scroll of magic mapping for 45 gold pieces
 62975 | Bazaar   | Bought a potion of mutation for 48 gold pieces
 62975 | Bazaar   | Bought a potion of brilliance for 24 gold pieces
 62998 | Bazaar   | Bought a scarf of resistance for 256 gold pieces
 63197 | Depths:4 | Bought a scroll of magic mapping for 105 gold pieces
 63197 | Depths:4 | Bought a scroll of magic mapping for 105 gold pieces
 63197 | Depths:4 | Bought a scroll of immolation for 56 gold pieces
 63197 | Depths:4 | Bought a scroll of poison for 56 gold pieces
 63197 | Depths:4 | Bought a scroll of teleportation for 42 gold pieces
 63349 | Depths:4 | Reached XP level 24. HP: 89/167 MP: 0/0
 63351 | Depths:4 | Found a gate to the Realm of Zot.
 64855 | Hell     | Killed Geryon
 65173 | Hell     | Found a gateway to the decaying netherworld of Tartarus.
 65288 | Hell     | Found a gateway to the freezing wastes of Cocytus.
 65363 | Hell     | Found a gateway to the Iron City of Dis.
 65400 | Hell     | Found a gateway to the ashen valley of Gehenna.
 65661 | Depths:2 | You paid a toll of the horn of Geryon to enter a treasure
                  | trove
 65662 | Trove    | Entered a treasure trove
 65667 | Trove    | Found the +5 scythe "Finisher" {speed, execute}
 65677 | Trove    | Identified the amulet of the Falcon {Acrobat +Inv Int-2
                  | Slay+6}
 65679 | Trove    | Identified the ring of Wu Jian's Respect {rF- EV+5 Int+6
                  | Slay-2}
 65687 | Trove    | Identified the amulet of Zegasan {Acrobat Dex+2}
 66079 | Slime:1  | Entered Level 1 of the Pits of Slime
 66090 | Slime:1  | Reached skill level 19 in Shields
 66882 | Slime:2  | Gained mutation: Your spells are a little easier to cast,
                  | but a little less powerful. [a shining eye]
 67324 | Slime:1  | Paralysed by a great orb of eyes for 2 turns
 67680 | Slime:4  | Paralysed by a great orb of eyes for 2 turns
 68215 | Slime:5  | Entered Level 5 of the Pits of Slime
 68553 | Slime:5  | Gained mutation: You are very dopey. (Int -4) [a shining
                  | eye]
 68857 | Slime:5  | Noticed the Royal Jelly
 68861 | Slime:5  | Killed the Royal Jelly
 69240 | Slime:5  | Reached XP level 25. HP: 147/169 MP: 0/0
 69240 | Slime:5  | Learned a level 9 spell: Dragon's Call
 69490 | Slime:5  | Identified the staff of death "Caenoac" {rPois rN+ Will++}
 69502 | Slime:5  | Identified the +5 chain mail "Duuwad" {+Inv Int+3}
 69504 | Slime:5  | Got a slimy rune of Zot
 69520 | Slime:5  | Identified the +1 robe of Birdsong {rC+}
 70173 | Zot:1    | Entered Level 1 of the Realm of Zot
 70250 | Zot:1    | Noticed Vv
 70261 | Zot:1    | Killed Vv
 70762 | Zot:1    | Reached skill level 15 in Spellcasting
 70766 | Zot:1    | Reached skill level 20 in Shields
 73753 | Zot:4    | Reached XP level 26. HP: 166/189 MP: 0/0
 73805 | Zot:4    | Reached skill level 18 in Dodging
 74504 | Zot:4    | Found a transporter.
 74727 | Zot:4    | HP: 6/189 [yellow draconian annihilator/iron shot[a red
                  | draconian scorcher] (69)]
 74727 | Zot:4    | HP: 2/189 [yellow draconian/glob of acid[a red draconian
                  | scorcher] (4)]
 74727 | Zot:4    | Killed from afar by a yellow draconian

Illustrated notes

Levels and vault maps discovered:
D:1:      ebering_trefoil_twist, layout_basic, serial_corexii_hall,
          corexii_hall_statues_u, corexii_hall_statues_x,
          corexii_hall_statues_x, chequers_hall_statues_corner_a,
          minmay_shallow_snake_nest
D:2:      layout_basic, minmay_pentomino_z2
D:3:      layout_loops_ring, nicolae_overflow_hidden_temple,
          kennysheep_crisscross, uniq_terence
D:4:      layout_loops_cross, minmay_temple_entry_statues_fountains,
          kennysheep_generic_room_5, uniq_sigmund, uniq_ijyb
D:5:      layout_cave_pools
D:6:      layout_loops_corners, enter_ossuary_5, serial_bayou_pond_e,
          fountainhead
D:7:      cheibrodos_fertilizer, layout_basic, lemuel_tele_altar
D:8:      layout_loops_ring, uniq_joseph
D:9:      layout_irregular_city, david_lair_generic
D:10:     kennysheep_kobold_lugonu_temple, layout_gridville, david_orc_4,
          enter_bailey_5, uniq_erolcha, uniq_lodul, uniq_harold
D:11:     layout_roguey, nicolae_shop_i_like_big_books
D:12:     layout_roguey, minivault_25_ag
D:13:     layout_long_grid, erik_vaults_1, serial_shops, nicolae_shop_mannequins
D:14:     layout_irregular_city, chequers_serial_rivers_small_b,
          gammafunk_ghost_spectres
D:15:     hangedman_depths_entry_civil_slaughter, layout_cave_pools,
          chequers_serial_rivers_micro_e
Temple:   hellmonk_temple_of_storms
Lair:1:   layout_hall_layers, chequers_serial_rivers_room_b,
          chequers_serial_rivers_marsh, grunt_megastairs_3
Lair:2:   layout_small_grid, dummy_snake_entry, lemuel_fruit_tree,
          lemuel_fruit_fields
Lair:3:   layout_chaotic_city, minmay_shoals_entry_beasts, roderic_carrion_pond
Lair:4:   layout_hall_layers, serial_bayou, serial_bayou_pond_b,
          serial_bayou_lagoon_b, serial_bayou_shore_b, serial_bayou_pond_b,
          serial_bayou_pond_a, serial_bayou_pond_e, hibernation_bobbens
Lair:5:   hangedman_lair_tendril_chambers, layout_loops_ring,
          nicolae_slime_entry_field_trip, uniq_nessos
Shoals:1: layout_shoals, uniq_josephine
Shoals:2: layout_shoals, nicolae_shop_firing_range
Shoals:3: cheibrodos_shoals_satyrical_garden, layout_shoals
Shoals:4: shoals_end_grunt_ice, layout_shoals, nicolae_shoals_lost_giant_pillars
Snake:1:  layout_onion_interference, basic_altar, grunt_megastairs_1,
          minmay_shop_grove, uniq_frances, uniq_roxanne
Snake:2:  layout_grid_maze, minmay_shoptagon, uniq_vashnia
Snake:3:  layout_onion_interference
Snake:4:  johnstein_snake_rune_scales, layout_grid_maze, serial_shops,
          bzr_entry_dummy, ebering_ghost_rock_garden, grunt_ministairs_8
Slime:1:  layout_caves, special_room [special_room_jelly],
          cheibrodos_slime_lost_civilization_5
Slime:2:  layout_caves
Slime:3:  layout_caves
Slime:4:  layout_caves
Slime:5
Orc:1:    nicolae_orc_accident_3, layout_caves, basic_altar
Orc:2:    kennysheep_orc_mage_school, layout_diamond_mine
Elf:1:    nicolae_elf_arrival_fired_up, layout_loops_cross,
          hellmonk_ghost_happy_afterlife, minivault_28, st_stairs_11,
          lemuel_upstairs_altar
Elf:2:    nicolae_elf_blades_crystal_corner, layout_rooms, serial_sigils,
          serial_sigils_hangedman_gnaw, serial_sigils_hangedman_leer,
          serial_sigils_hangedman_gut, serial_sigils_hangedman_carve,
          uniq_donald
Elf:3:    minmay_elf_hall_curves, layout_geoelf_castle, serial_shops,
          nicolae_square_shop, minmay_shop_grid_forest,
          nicolae_elf_big_sculpture_3, nicolae_elf_altarnating
Depths:1: layout_basic, hell_entry, hangedman_decor_opposing,
          abyss_entry_glasseish, minmay_misc_feat_room, grunt_ministairs_10,
          evilmike_ambush [evilmike_ambush_outer_basic,
          evilmike_ambush_inner_basic], serial_bayou_shore_b
Depths:2: emtedronai_trogs_sanctum, layout_gridlike, enter_ziggurat_c,
          hell_entry, serial_shops, bzr_entry_safe, abyss_entry_flame_altar,
          rand_demon_pan_entry_5, chequers_serial_rivers_marsh,
          nicolae_trove_entry_columns, infiniplex_staircase_pool_2
Depths:3: wad_mega_maze, layout_cave_pools, marbit_kobold_abyss_entry,
          hell_entry, minmay_staircase_windowed_large,
          minmay_misc_feat_nine_boxes
Depths:4: grunt_zot_entry_tricorne, layout_cross, hell_entry,
          nicolae_dithmenos_shadow_blocks, serial_shops, bzr_entry_road,
          nicolae_shop_crystal, shop, hangedman_abyss_entry_splay,
          lemuel_flame_loot_1
Hell
Zot:1:    kennysheep_blocky_room, layout_basic, uniq_vv
Zot:2:    layout_misc_corridors
Zot:3:    layout_basic, hangedman_zot_gyre, hangedman_zot_decor_checkerboard
Zot:4:    gammafunk_dig_for_victory, layout_onion_interference, st_stairs_14

Skill      XL: |  1  2  3  4  5  6  7  8  9 10 11 12 13 14 15 16 17 18 19 20 21 22 23 24 25 26 |
---------------+-------------------------------------------------------------------------------+-----
Long Blades    | 2 3 4 5 6 8 9 12 13 14 15 16 | 16.0
Spellcasting   | 1 2 3 4 6 7 8 7 8 9 10 11 12 13 14 15 | 15.6
Evocations     | 2 1 2 |  2.0
Dodging        | 3 6 8 9 11 12 13 14 15 16 17 18 | 18.0
Fighting       | 5 6 6 7 8 10 11 12 13 14 15 16 | 16.5
Armour         | 5 6 7 8 9 10 11 | 11.5
Shields        | 5 6 10 11 12 14 15 17 18 19 20 | 20.6
Throwing       | 2 1 2 |  2.0
Stealth        | 1 3 0 |  0.0

Action                     |  1- 3 |  4- 6 |  7- 9 | 10-12 | 13-15 | 16-18 | 19-21 | 22-24 | 25-27 || total
---------------------------+-------+-------+-------+-------+-------+-------+-------+-------+-------++-------
  Melee: Long sword        |   101 |    26 |       |       |       |       |       |       |       ||   127
         Short sword       |       |    77 |   259 |    95 |       |       |       |       |       ||   431
         Scimitar          |       |       |       |   298 |   845 |  1123 |       |       |       ||  2266
         Demon blade       |       |       |       |       |       |   228 |  1229 |       |       ||  1457
         Double sword      |       |       |       |       |       |       |   432 |   901 |   294 ||  1627
  Throw: Dart              |       |       |       |    14 |    51 |     6 |    11 |    26 |       ||   108
   Cast: Sandblast         |     1 |     5 |    27 |    35 |     3 |       |       |       |       ||    71
         Scorch            |       |       |    18 |     2 |     1 |       |     6 |       |       ||    27
         Searing Ray       |       |       |    14 |     8 |     5 |       |       |       |       ||    27
         Stone Arrow       |       |       |     8 |    88 |    54 |    11 |     4 |     2 |       ||   167
         Sticky Flame      |       |       |       |    26 |   125 |    82 |     7 |       |       ||   240
         Alistair's Intoxi |       |       |       |       |    43 |    12 |     1 |     1 |       ||    57
         Simulacrum        |       |       |       |       |       |       |       |    69 |    63 ||   132
         Enfeeble          |       |       |       |       |       |       |       |     1 |       ||     1
 Invoke: Sacrifice Words   |       |       |     1 |       |       |       |       |       |       ||     1
         Sacrifice an Eye  |       |       |       |     1 |       |       |       |       |       ||     1
         Draw Out Power    |       |       |       |     3 |       |       |       |     4 |       ||     7
         Power Leap        |       |       |       |     8 |    14 |     8 |     8 |     4 |     1 ||    43
         Sacrifice Essence |       |       |       |     1 |       |       |       |       |       ||     1
         Reject Sacrifices |       |       |       |     1 |     2 |       |       |       |       ||     3
         Sacrifice Skill   |       |       |       |       |     1 |       |       |       |       ||     1
         Apocalypse        |       |       |       |       |       |     7 |     9 |    15 |     3 ||    34
         Sacrifice Purity  |       |       |       |       |       |     1 |     1 |       |       ||     2
         Sacrifice Stealth |       |       |       |       |       |     1 |       |       |       ||     1
  Evoke: Wand              |       |     1 |     5 |     9 |     4 |     3 |    21 |    20 |       ||    63
         Phantom mirror    |       |       |       |       |     2 |     2 |     1 |     3 |     1 ||     9
         Box of beasts     |       |       |       |       |     2 |     1 |     2 |     2 |       ||     7
    Use: Potion            |       |     2 |     1 |     2 |     3 |     3 |     5 |    12 |     2 ||    30
         Scroll            |       |       |    13 |    10 |    10 |    15 |     7 |    14 |     3 ||    72
   Stab: Distracted        |       |       |     1 |     2 |     8 |    17 |    34 |    37 |    13 ||   112
         Sleeping          |       |       |       |     2 |     5 |     6 |       |       |       ||    13
         Paralysed         |       |       |       |       |     2 |    17 |    16 |    20 |       ||    55
         Invisible         |       |       |       |       |     8 |     5 |    12 |    11 |     8 ||    44
         Confused          |       |       |       |       |     6 |       |     9 |       |       ||    15
         Petrified         |       |       |       |       |       |     4 |       |       |       ||     4
         Petrifying        |       |       |       |       |       |       |     1 |       |       ||     1
 Armour: Scale mail        |    38 |    30 |   117 |       |       |       |       |       |       ||   185
         Steam dragon scal |       |       |     5 |    87 |    88 |       |       |       |       ||   180
         Troll leather arm |       |       |       |       |    48 |       |       |       |       ||    48
         Ring mail         |       |       |       |       |    60 |   211 |   189 |    94 |    26 ||   580
  Dodge: Dodged            |    43 |    36 |    96 |   257 |   490 |   637 |   634 |   403 |   191 ||  2787
  Block: Buckler           |    24 |    18 |    77 |   133 |   251 |       |       |       |       ||   503
         Kite shield       |       |       |       |       |    16 |   261 |       |       |       ||   277
         Tower shield      |       |       |       |       |       |  1078 |  1609 |   954 |   306 ||  3947
         Reflection        |       |       |       |       |       |   108 |   104 |    33 |     3 ||   248
